 Dungeon Crawl Stone Soup version 0.31-a0-165-g3f4f80340b (webtiles) character file.

Game seed: 8337855997754572584

80 qw the Shooter (level 4, -2/28 HPs)
             Began as a Gargoyle Hunter on June 13, 2023.
             Slain by Sigmund
             ... wielding a +0 scythe
              (3 damage)
             ... on level 5 of the Dungeon.
             The game lasted 00:00:46 (1558 turns).

qw the Shooter (Gargoyle Hunter)                    Turns: 1558, Time: 00:00:46

Health: -2/28      AC:  7    Str: 14    XL:     4   Next: 39%
Magic:  4/4        EV: 11    Int: 10    God:
Gold:   147        SH:  0    Dex: 15    Spells: 3/3 levels left

rFire   . . .        Y - +2 shortbow
rCold   . . .        (shield currently unavailable)
rNeg    + . .        c - +0 leather armour
rPois   inf          a - +0 helmet
rElec   +            d - scarf {repulsion}
rCorr   .            (no gloves)
SInv    .            (no boots)
Will    .....        (no amulet)
Stlth   ++           (no ring)
HPRegen 0.24/turn    (no ring)
MPRegen 0.09/turn

%: repel missiles
@: mighty
A: sickness immunity, AC +3, negative energy resistance 1, electricity
resistance, torment resistance 1, petrification resistance
a: no special abilities


You were on level 5 of the Dungeon.
You visited 1 branch of the dungeon, and saw 4 of its levels.

You collected 147 gold pieces.


Innate Abilities, Weirdness & Mutations

You are immune to sickness and miasma.
Your stone body is resilient. (AC +3)
You are immune to poison.
You resist negative energy. (rN+)
You are resistant to electric shocks. (rElec)
You are resistant to unholy torment.
You are immune to petrification.


   Skills:
 - Level 3.0 Fighting
 + Level 5.4 Ranged Weapons
 - Level 1.5 Dodging
 - Level 1.1 Stealth


You had 3 spell levels left.
You didn't know any spells.
Your spell library was empty.

Inventory:

Hand Weapons
 Y - a +2 shortbow (weapon)
Armour
 a - a +0 helmet (worn)
 c - a +0 leather armour (worn)
 d - a scarf of repulsion (worn)
Scrolls
 g - 2 scrolls of identify
Potions
 e - a potion of mutation {unknown}
 f - a potion of enlightenment {unknown}
 h - a potion of brilliance {unknown}
 l - a potion of might

Dungeon Overview and Level Annotations

Branches:
Dungeon (3/15)             Temple (0/1) D:5

Altars:
Gozag
Hepliaklqana

Annotations:
D:5 1 transporter, Sigmund


Message History

Sigmund closely misses you.
You shoot an arrow. The arrow hits Sigmund.
Sigmund is lightly wounded.
Sigmund hits you from afar with a +0 scythe.
You shoot an arrow. The arrow closely misses Sigmund.
You shoot an arrow. The arrow hits Sigmund!
Sigmund is heavily wounded.
Sigmund hits you but does no damage.
You shoot an arrow. The arrow barely misses Sigmund.
Sigmund hits you but does no damage.
You shoot an arrow.
The arrow hits Sigmund but does no damage.
Sigmund is heavily wounded.
Sigmund barely misses you.
You shoot an arrow. The arrow completely misses Sigmund.
You shoot an arrow. The arrow barely misses Sigmund.
Sigmund hits you from afar with a +0 scythe!
You shoot an arrow. The arrow hits Sigmund.
Sigmund is severely wounded.
An orc comes into view. It is wielding a +0 short sword.
Sigmund hits you from afar with a +0 scythe.
You shoot an arrow. The arrow barely misses Sigmund.
The orc shouts!
Sigmund hits you from afar with a +0 scythe!
You shoot an arrow. The arrow hits Sigmund.
Sigmund is almost dead.
Sigmund hits you from afar with a +0 scythe.
You shoot an arrow. The arrow closely misses Sigmund.
An orc comes into view. It is wielding a +0 mace.
You shoot an arrow. The arrow closely misses Sigmund.
The orc shouts!
Sigmund hits you from afar with a +0 scythe.
An orc comes into view. It is wielding a +0 hand axe.
An orc wizard comes into view. It is wielding a +0 dagger.
You shoot an arrow. The arrow closely misses Sigmund.
The orc shouts!
The arrow hits the orc!
You kill the orc!
Sigmund hits you from afar with a +0 scythe.
You die...

****,,,,,,,,,,,,,,,,,,,,,,,,,,,,,
,,,,,,,,,..@.o.....<..(>,,,,,,,,,
*,**,**,,.....o.....####**,,,,,,,
*,**,**,,##.##o.....####*,,,,,,,,
*,**,,*,,##.##......#...,,^,,,,,,
*,**,,,,,.......).....##*******,,
*,**,,,,,##.#..#@#...##8.,,,.8##.
*,**,,,*,##....#.#...#..,.,,...#.
*,,,,,,,,......#@##..#.#*.^,*#.#.
*,,**,**,##.##.#.##..#.##...##.#.
*,,**,**,##.##$#.##..#y.......^#.
*,,,,,,,,...##.#.##..#.##...##.#.
*,,**,*,,...##.#.###.#S##...##.#.
*,,**,,,,...##.#.....#KTY$$$)..#.
*,,,,,,,,...##.#.###.##8T$_.$8##.
*,*****,,...##.#......#########..
*,* *,,,,,**,#.####.....^.....#


You could see Sigmund, an orc wizard and 2 orcs.

Vanquished Creatures
  An adder (D:2)
  5 dart slugs
  An orc (D:5)
  4 ball pythons
  5 endoplasms (D:1)
  A giant cockroach (D:2)
  2 goblins
  8 hobgoblins
  8 kobolds
  3 quokkas
  2 bats (D:1)
  4 frilled lizards (D:1)
  14 rats
58 creatures vanquished.

Notes
Turn   | Place    | Note
-------+----------+-------------------------------------------
     0 | D:1      | qw the Gargoyle Hunter began the quest for the Orb.
     0 | D:1      | Reached XP level 1. HP: 12/12 MP: 1/1
     0 | D:1      | 0 ||| qw: Version: 0.2-a-29-gc1b59c4
     0 | D:1      | 0 ||| qw: Game counter: 4755
     0 | D:1      | 0 ||| qw: Always use a shield: true
     0 | D:1      | 0 ||| qw: God list: Okawaru
     0 | D:1      | 0 ||| qw: Allow faded altars: false
     0 | D:1      | 0 ||| qw: Do Orc after D:15 true
     0 | D:1      | 0 ||| qw: Do second Lair branch before Depths: true
     0 | D:1      | 0 ||| qw: Lair rune preference: random
     0 | D:1      | 0 ||| qw: Plans: Normal, Zot:1-4, Slime:5, God:TSO, Crypt,
                  | Tomb, Abyss, Pan, Hells, Win
     0 | D:1      | 0 ||| PLANNING D:1-11
    82 | D:1      | Reached XP level 2. HP: 17/17 MP: 2/2
   446 | D:1      | Reached XP level 3. HP: 21/21 MP: 3/3
   536 | D:1      | Reached skill level 5 in Ranged Weapons
   732 | D:1      | 732 ||| READING 2 scrolls labelled VEOGYT SENWOEG.
   733 | D:1      | 733 ||| READING scroll of enchant weapon.
   733 | D:1      | 733 ||| ENCHANTING +1 shortbow.
   734 | D:1      | 734 ||| READING scroll labelled CIECZUZXAN.
   735 | D:1      | 735 ||| READING scroll labelled ADOHIN OQEFFIDD.
   736 | D:1      | 736 ||| READING scroll labelled DOLYUKL MUCYAB.
   737 | D:1      | 737 ||| DROPPING scroll of butterflies.
   829 | D:2      | Reached skill level 3 in Fighting
   962 | D:2      | Reached XP level 4. HP: 28/28 MP: 4/4
  1057 | D:2      | 1057 ||| UPGRADING to scarf of repulsion.
  1062 | D:2      | 1062 ||| READING scroll labelled SUMIODUETU.
  1163 | D:2      | 1163 ||| READING scroll labelled UMIDEIC DAUMPEIZUY.
  1168 | D:2      | 1168 ||| READING 2 scrolls labelled IHICIFEIRCH.
  1444 | D:3      | You fall into a shaft and drop 2 floors!
  1444 | D:5      | Entered Level 5 of the Dungeon
  1467 | D:5      | Found a hazy altar of Hepliaklqana.
  1501 | D:5      | Found a transporter.
  1501 | D:5      | Noticed a vampire mosquito
  1501 | D:5      | Noticed a yak
  1502 | D:5      | Noticed a kobold brigand
  1503 | D:5      | Noticed a troll
  1504 | D:5      | Found an opulent altar of Gozag.
  1529 | D:5      | 1529 ||| UPGRADING to +0 helmet.
  1534 | D:5      | 1534 ||| READING scroll labelled KIXE NUTEAG.
  1535 | D:5      | 1535 ||| READING scroll labelled RUUG SIRPHEIH.
  1536 | D:5      | 1536 ||| PLANNING TEMPLE
  1536 | D:5      | 1536 ||| READING scroll labelled YXYEWYSSASY.
  1537 | D:5      | 1537 ||| READING scroll labelled VEAR ASEASHIONWO.
  1537 | D:5      | Noticed Sigmund
  1539 | D:5      | 1539 ||| DRINKING 2 sapphire potions.
  1555 | D:5      | HP: 5/28 [Sigmund/+0 scythe (3)]
  1557 | D:5      | HP: 1/28 [Sigmund/+0 scythe (5)]
  1558 | D:5      | Slain by Sigmund

Levels and vault maps discovered:
D:1:      matt_arrival_refuge, layout_basic
D:2:      layout_rooms, guppyfry_early_lair_pool
D:3:      cheibrodos_fertilizer, layout_basic, hex_tiny, minmay_strange_pillars,
          uniq_ijyb, uniq_crazy_yiuf_cottage
D:5:      layout_basic, mainiacjoe_overflow_concentric_impassable,
          gammafunk_temple_overflow_arena, minmay_temple_entry_large_hall,
          serial_shops, nicolae_shop_back_alley_shop,
          hangedman_abyss_or_decor_lesser_grid, minmay_splitting_lines,
          uniq_sigmund

Skill      XL: |  1  2  3 |
---------------+----------+-----
Ranged Weapons | 5 |  5.4
Fighting       | 3 |  3.0
Dodging        | |  1.5
Stealth        | |  1.1

Action                     |  1- 3 |  4- 6 || total
---------------------------+-------+-------++-------
   Fire: Shortbow          |   114 |    45 ||   159
    Use: Scroll            |     5 |     7 ||    12
         Potion            |       |     1 ||     1
 Armour: Leather armour    |    12 |     8 ||    20
  Dodge: Dodged            |    15 |     9 ||    24
         Repelled          |       |     1 ||     1

Table legend:
 A = Non-vault XP
 B = Vault XP
 C = Vault XP percentage of total XP
 D = Non-vault monster count
 E = Vault monster count
 F = Vault count percentage of total count
                 A         B        C        D         E       F
            +---------+---------+-------+---------+---------+-------
      Total |     118 |       0 |   0.0 |      58 |       0 |   0.0
            +---------+---------+-------+---------+---------+-------
        D:1 |      41 |       0 |   0.0 |      27 |       0 |   0.0
        D:2 |      56 |       0 |   0.0 |      22 |       0 |   0.0
        D:3 |      18 |       0 |   0.0 |       8 |       0 |   0.0
        D:5 |       3 |       0 |   0.0 |       1 |       0 |   0.0
            +---------+---------+-------+---------+---------+-------
